 Dungeon Crawl Stone Soup version 0.30-a0-719-gcc4359ea44 (webtiles) character file.

Game seed: 2459179233349019799

4839 kae the Transmogrifier (level 10, -9/78 HPs)
             Began as a Demonspawn Transmuter on Jan 26, 2023.
             Was a Believer of Cheibriados.
             Mangled by a cyan ugly thing (13 damage)
             ... on level 9 of the Dungeon.
             The game lasted 00:08:51 (10176 turns).

kae the Transmogrifier (Demonspawn Transmuter)     Turns: 10176, Time: 00:08:52

Health: -9/78      AC: 10    Str: 22    XL:     10   Next: 25%
Magic:  16/19      EV: 10    Int: 25    God:    Cheibriados [**....]
Gold:   873        SH:  5    Dex: 17    Spells: 9/21 levels left

rFire   x . .      SeeInvis .      - Unarmed
rCold   + + +      Faith    .    (shield currently unavailable)
rNeg    . . .      Spirit   .    (body armour currently unavailable)
rPois   +          Reflect  +    (helmet currently unavailable)
rElec   .          Harm     .    (cloak currently unavailable)
rCorr   +          Rampage  .    (gloves currently unavailable)
Will    .....                    (boots currently unavailable)
Stlth   ++                       l - amulet of reflection
HPRegen 0.33/turn                s - ring "Uqya" {Str+6 Int+3}
MPRegen 0.16/turn                R - ring of resist corrosion

@: ice-form, wereblooded, very slow
A: freezing attack, amphibious, boosted hp, large, (claws 2), (hooves 2), (horns
2), demonic guardian 1
a: End Transformation, Renounce Religion, Bend Time


You were on level 9 of the Dungeon.
You worshipped Cheibriados.
Cheibriados was pleased with you.
You were a creature of crystalline ice.
You visited 2 branches of the dungeon, and saw 10 of its levels.

You collected 873 gold pieces.


Innate Abilities, Weirdness & Mutations

You are a creature of crystalline ice.
You have a powerful freezing melee attack.
You are amphibious.
Your maximum health is increased.
Your armour is entirely melded.
You are incapable of wielding weapons or throwing items.
((You have very sharp fingernails.))
((You have hoof-like feet.))
((You have a pair of horns on your head.))
A weak demonic guardian rushes to your aid.


   Skills:
 - Level 1.0 Fighting
 - Level 1.7 Dodging
 + Level 6.4 Unarmed Combat
 + Level 6.2 Spellcasting
 * Level 8.5 Transmutations
 * Level 6.2 Ice Magic
 - Level 2.0 Poison Magic
 + Level 4.0 Invocations


You had 9 spell levels left.
You knew the following spells:

 Your Spells              Type           Power      Damage    Failure   Level
a - Beastly Appendage     Tmut           100%       N/A       1%          1
b - Wereblood             Tmut           50%        N/A       1%          2
c - Spider Form           Tmut/Pois      34%        N/A       2%          3
d - Ice Form              Ice/Tmut       44%        N/A       3%          4
e - Passwall              Tmut/Erth      24%        N/A       1%          2

Your spell library contained the following spells:

 Spells                   Type           Power      Damage    Failure   Level
 Ozocubu's Armour         Ice            39%        N/A       1%          3
 Ignite Poison            Fire/Tmut/Pois 25%        N/A       5%          3
 Sandblast                Erth           14%        2d6       8%          1
 Cigotuvi's Dreadful Rot  Necr/Pois/Air  22%        N/A       9%          2
 Call Canine Familiar     Summ           7%         N/A       22%         3
 Kindle Blastsparks       Fire/Tloc/Air  14%        2d11      22%         3
 Portal Projectile        Hex/Tloc       14%        N/A       22%         3
 Stone Arrow              Conj/Erth      14%        3d7       22%         3
 Summon Guardian Golem    Hex/Summ       7%         N/A       22%         3
 Dispel Undead            Necr           7%         3d8       58%         4
 Leda's Liquefaction      Hex/Erth       3%         N/A       58%         4
 Freezing Cloud           Conj/Ice/Air   9%         6-21      65%         5
 Ozocubu's Refrigeration  Ice            19%        4d11      99%         7
 Death Channel            Necr           3%         N/A       100%        6
 Orb of Destruction       Conj           3%         9d5       100%        7
 Spellforged Servitor     Conj/Summ      3%         N/A       100%        7

Inventory:

Missiles
 e - 20 poisoned darts
 p - 61 stones
 r - 6 boomerangs
 v - a curare-tipped dart {=f}
 w - a throwing net {=f!f}
Armour
 a - a +0 robe (melded)
Jewellery
 c - a ring of protection from cold
   (You found it on level 4 of the Dungeon)
 l - an amulet of reflection (around neck)
   (You found it on level 3 of the Dungeon)
 s - the ring "Uqya" (left front paw) {Str+6 Int+3}
   (You acquired it on level 5 of the Dungeon)

   [ring of strength]

   Str:       It affects your strength (+6).
   Int:       It affects your intelligence (+3).
 C - a ring of protection from cold
   (You found it on level 2 of the Dungeon)
 F - a ring of protection from fire
   (You found it on level 2 of the Dungeon)
 P - a ring of poison resistance
   (You found it on level 3 of the Dungeon)
 R - a ring of resist corrosion (right front paw)
   (You found it on level 3 of the Dungeon)
Wands
 o - a wand of digging (5)
   (You found it on level 4 of the Dungeon)
 q - a wand of flame (29)
   (You found it on level 4 of the Dungeon)
 t - a wand of mindburst (6)
   (You took it off Ijyb on level 5 of the Dungeon)
Scrolls
 h - 2 scrolls of magic mapping {!r}
 m - a scroll of teleportation {@r4}
Potions
 b - a potion of lignification {!q}
 d - a potion of brilliance
 f - 6 potions of curing {unknown}
 g - 3 potions of might
 i - 2 potions of mutation {unknown}
 j - 3 potions of magic
 k - 2 potions of attraction {!q}
 n - 2 potions of degeneration {!q}
 x - a potion of flight
 z - a potion of cancellation

Dungeon Overview and Level Annotations

Branches:
Dungeon (9/15) Zot: 39915  Temple (1/1) D:7 Zot: 8820    Lair (0/5) D:8
    Orc: D:9-12

Altars:
Ashenzari
Cheibriados
Dithmenos
Fedhas
Gozag
Hepliaklqana
Kikubaaqudgha
Makhleb
Nemelex Xobeh
Okawaru
Qazlal
Ru
Sif Muna
Trog
Uskayaw
Vehumet
Wu Jian
Yredelemnul

Shops:
D:3 ( D:5

[ ## .' #.
###..#######+###
.......).......#..
........).........
.........#########
.........Y.#
.........5u.#
########....#
....... ......#..
.......#..#
.......## ..#
$.....### .!


You could see a cyan ugly thing (ally target) and a friendly shadow imp
(summoned).


Message History

😮 HP[+5] MP[+3]
You regained 5 hp, and now have 43/78 hp.
Your mp is fully restored (19).
Unknown command.
Your primal bloodlust is almost over.
Your primal bloodlust has ended.
Key pressed, stopping explore.
Unknown command. 😮 HP[+12]
You regained 12 hp, and now have 55/78 hp.
Your transformation is almost over.
You warm up again.
Your +0 robe unmelds from your body.
Key pressed, stopping explore.
There are monsters nearby!
There are monsters nearby!
There are monsters nearby! 😕 HP[-1]
You now have 65 max hp (-13).
There are monsters nearby!
Casting: Wereblood (safe; 1% risk of failure)
Confirm with . or Enter, or press ? or * to list all spells.
You turn into a creature of crystalline ice.
Your +0 robe melds into your body.
The orc wizard shouts! 😕 HP[+11] MP[-4]
You now have 78 max hp (+13).
You regained 11 hp, and now have 65/78 hp.
You lost 4 mp, and now have 15/19 mp.
Casting: Ice Form (dangerous; 3% risk of failure)
Confirm with . or Enter, or press ? or * to list all spells.
Your blood is infused with primal strength. 😕 HP[+1] MP[-2]
You lost 2 mp, and now have 13/19 mp.
The orc hits you from afar with a +0 trident!
The orc wizard barely misses you.
You hit the orc wizard. You freeze the orc wizard.
The orc hits you but does no damage.
The orc wizard closely misses you. 😕 HP[-7] MP[+1]
You take 7 damage, and now have 59/78 hp.
You pummel the orc wizard!! You freeze the orc wizard.
You feel a bit better.
You kill the orc wizard!
Cheibriados appreciates the change of pace.
The orc hits you but does no damage. The orc closely misses you.
You block the orc's attack.
Things that are here:
a +0 dagger; a +0 leather armour; 20 gold pieces You howl as the wereblood boils in your veins!
A cyan ugly thing comes into view.
The orc hits you but does no damage. 😕 HP[+5]
You regained 5 hp, and now have 64/78 hp.
You hit the orc. You freeze the orc.
You feel a bit better.
You kill the orc!
Cheibriados thoroughly appreciates the change of pace.
Cheibriados raises the support of your attributes as your movement slows.
You howl as the wereblood boils in your veins! 😕 HP[+2] MP[+1]
You regained 2 hp, and now have 66/78 hp.
The cyan ugly thing punches you but does no damage.
You punch the cyan ugly thing! You freeze the cyan ugly thing.
The cyan ugly thing punches you.
The cyan ugly thing shocks you! 😮 HP[-16]
You take 16 damage, and now have 50/78 hp.
MASSIVE DAMAGE!! (PAUSE)
You barely miss the cyan ugly thing.
You howl as the wereblood boils in your veins!
The cyan ugly thing punches you! The cyan ugly thing shocks you!
* * * LOW HITPOINT WARNING * * *
A demonic guardian appears! 😨 HP[-22]
You take 22 damage, and now have 28/78 hp.
MASSIVE DAMAGE!! (PAUSE)
You hit the cyan ugly thing but do no damage.
The cyan ugly thing punches you.
* * * LOW HITPOINT WARNING * * *
The cyan ugly thing shocks you!
* * * LOW HITPOINT WARNING * * *
😱 HP[-18]
You take 18 damage, and now have 10/78 hp.
MASSIVE DAMAGE!! (PAUSE) Unknown command.
Unknown command.
Unknown command.
Unknown command.
You punch the cyan ugly thing! You freeze the cyan ugly thing.
The cyan ugly thing punches you but does no damage.
Unknown command.
Unknown command.
Unknown command.
You hit the cyan ugly thing. You freeze the cyan ugly thing.
Your shadow imp hits the cyan ugly thing. 😱 HP[+1] Unknown command.
Unknown command.
You punch the cyan ugly thing! You freeze the cyan ugly thing.
The cyan ugly thing punches you!
* * * LOW HITPOINT WARNING * * *
The cyan ugly thing shocks you!
You die...

Skill      XL: |  1  2  3  4  5  6  7  8  9 10 |
---------------+-------------------------------+-----
Transmutations | 2 3 5 6 7 8 |  8.5
Unarmed Combat | 3 4 5 6 |  6.4
Poison Magic   | 1 2 |  2.0
Spellcasting   | 3 4 5 6 |  6.2
Ice Magic      | 1 3 5 6 |  6.2
Invocations    | 3 4 |  4.0
Fighting       | |  1.0
Dodging        | |  1.7

Action                     |  1- 3 |  4- 6 |  7- 9 | 10-12 || total
---------------------------+-------+-------+-------+-------++-------
  Melee: Unarmed           |   105 |   188 |   208 |    54 ||   555
         Kick              |    27 |    27 |       |       ||    54
         Headbutt          |    12 |    17 |       |       ||    29
         Punch             |       |     2 |       |       ||     2
   Cast: Beastly Appendage |    22 |    30 |       |       ||    52
         Wereblood         |     3 |     1 |     6 |     2 ||    12
         Spider Form       |       |     7 |     9 |       ||    16
         Ice Form          |       |       |    19 |     5 ||    24
  Evoke: Wand              |       |       |    22 |       ||    22
    Use: Scroll            |     5 |     1 |     8 |     1 ||    15
   Stab: Sleeping          |     1 |       |       |       ||     1
 Armour: Robe              |    16 |    21 |     1 |       ||    38
         Skin              |       |     9 |    22 |    25 ||    56
  Dodge: Dodged            |    65 |   135 |    91 |    30 ||   321
  Block: Other             |       |    49 |    30 |    16 ||    95
         Reflection        |       |     2 |       |       ||     2

Levels and vault maps discovered:
D:1:      dpeg_arrival_line_fractal, layout_loops_ring, minmay_pentomino_t4
D:2:      layout_loops_ring, shapermc_ecumenical_altar_totnotflames, uniq_robin
D:3:      minmay_angry_zag, layout_basic, nicolae_ru_the_path_less_chosen,
          serial_shops, shop, small_statue_alley_b, amethyst_killhole,
          fountainhead, minmay_cupped
D:4:      layout_layer_cave, lemuel_coloured_pillars_altar
D:5:      layout_cave_pools, nicolae_shop_dragon_depot, grunt_decor_arrowhead,
          uniq_ijyb
D:6:      layout_basic, mainiacjoe_overflow_24_doors, uniq_duvessa
D:7:      statuecave_lemuel, layout_rooms, nicolae_overflow_hidden_temple,
          kennysheep_little_box, lemuel_temple_firewalk_a, uniq_maggie,
          uniq_pikel
D:8:      layout_basic, lair_entry_dummy, minmay_checkerbox
D:9:      minmay_curly_fans, layout_grid_maze, orc_0_dummy
Temple:   nicolae_temple_superstar

Notes
Turn   | Place    | Note
-------+----------+-------------------------------------------
     0 | D:1      | kae the Demonspawn Transmuter began the quest for the Orb.
     0 | D:1      | Reached XP level 1. HP: 15/15 MP: 3/3
     0 | D:1      | magus.rc [v1.11.3]
   147 | D:1      | Reached skill level 2 in Transmutations
   284 | D:1      | You feel monstrous as your demonic heritage exerts itself.
   284 | D:1      | Discovered your monstrous ancestry.
   284 | D:1      | Lost mutation: You have razor-sharp toenails. [demonic
                  | ancestry]
   284 | D:1      | Lost mutation: You have sharp toenails. [demonic ancestry]
   284 | D:1      | Gained mutation: You have large cloven feet. [demonic
                  | ancestry]
   284 | D:1      | Reached XP level 2. HP: 12/21 MP: 3/5
   427 | D:1      | You pick up a book of the Hunter and begin reading...
   427 | D:1      | You add the spells Call Canine Familiar, Portal Projectile
                  | and Leda's Liquefaction to your library.
   451 | D:1      | You pick up a book of Geomancy and begin reading...
   451 | D:1      | You add the spells Sandblast, Passwall and Stone Arrow to
                  | your library.
   830 | D:2      | Noticed Robin
   831 | D:2      | Reached skill level 3 in Unarmed Combat
   887 | D:1      | Learned a level 2 spell: Wereblood
   939 | D:1      | Killed Robin
   940 | D:1      | Reached XP level 3. HP: 16/26 MP: 3/6
   945 | D:1      | Learned a level 2 spell: Passwall
  1326 | D:2      | Found a faded altar of an unknown god.
  1340 | D:2      | You pick up a book of Decay and begin reading...
  1340 | D:2      | You add the spells Cigotuvi's Dreadful Rot, Dispel Undead
                  | and Death Channel to your library.
  1558 | D:2      | Reached skill level 3 in Transmutations
  2079 | D:3      | You fall into a shaft and drop 1 floor!
  2147 | D:4      | Gained mutation: A weak demonic guardian rushes to your
                  | aid. [demonic ancestry]
  2147 | D:4      | Reached XP level 4. HP: 21/32 MP: 5/7
  2151 | D:4      | Learned a level 3 spell: Spider Form
  2604 | D:3      | Found Gexep's Weapon Shop.
  2962 | D:3      | Reached skill level 1 in Poison Magic
  3012 | D:3      | Found a sacrificial altar of Ru.
  3743 | D:4      | Gained mutation: You have sharp fingernails. [demonic
                  | ancestry]
  3743 | D:4      | Reached XP level 5. HP: 37/37 MP: 7/9
  4130 | D:4      | Reached skill level 3 in Spellcasting
  4130 | D:4      | Reached skill level 2 in Poison Magic
  4159 | D:4      | You add the spells Ozocubu's Armour and Ozocubu's
                  | Refrigeration to your library.
  4230 | D:4      | Mutation became permanent: You have a pair of small horns
                  | on your head. [demonic ancestry]
  4230 | D:4      | Gained mutation: You have a pair of horns on your head.
                  | [demonic ancestry]
  4230 | D:4      | Reached XP level 6. HP: 21/43 MP: 10/10
  4231 | D:4      | Reached skill level 4 in Transmutations
  4701 | D:4      | Found a snail-covered altar of Cheibriados.
  4734 | D:5      | Entered Level 5 of the Dungeon
  4838 | D:5      | Reached skill level 4 in Unarmed Combat
  5046 | D:5      | Reached skill level 5 in Transmutations
  5046 | D:5      | Gained mutation: You have hoof-like feet. [demonic
                  | ancestry]
  5046 | D:5      | Reached XP level 7. HP: 24/48 MP: 10/12
  5167 | D:5      | Reached skill level 4 in Spellcasting
  5249 | D:5      | Noticed Ijyb
  5258 | D:5      | Killed Ijyb
  5435 | D:5      | Found Perseus's Dragon-Slaying Spoils.
  5703 | D:5      | Identified 2 scrolls of acquirement
  5703 | D:5      | Acquired 415 gold pieces
  5705 | D:5      | Acquired the ring "Uqya" {Str+6 Int+3}
  5812 | D:6      | Learned a level 4 spell: Ice Form
  5866 | D:6      | Found an ornate altar of the Wu Jian Council.
  6244 | D:6      | Noticed Dowan
  6364 | D:6      | Killed Dowan
  6379 | D:6      | Noticed Duvessa
  6477 | D:6      | Reached skill level 1 in Ice Magic
  6567 | D:6      | Killed Duvessa
  6568 | D:6      | Reached skill level 6 in Transmutations
  6568 | D:6      | Reached XP level 8. HP: 54/54 MP: 5/14
  6652 | D:6      | You add the spells Kindle Blastsparks, Ignite Poison and
                  | Freezing Cloud to your library.
  6899 | D:7      | You pick up a book of Decay and begin reading...
  6929 | D:7      | Reached skill level 2 in Ice Magic
  7020 | D:7      | Reached skill level 5 in Unarmed Combat
  7107 | D:7      | Found a radiant altar of Vehumet.
  7108 | D:7      | Found a basalt altar of Yredelemnul.
  7298 | D:7      | Noticed Pikel
  7308 | D:7      | Killed Pikel
  7309 | D:7      | Reached skill level 5 in Spellcasting
  7309 | D:7      | Reached skill level 3 in Ice Magic
  7315 | D:7      | Reached skill level 7 in Transmutations
  7453 | D:7      | Gained mutation: You have a pair of horns on your head.
                  | [demonic ancestry]
  7453 | D:7      | Reached XP level 9. HP: 59/59 MP: 11/16
  7504 | D:7      | Found a shimmering blue altar of Sif Muna.
  7566 | D:7      | Noticed Maggie
  7574 | D:7      | Killed Maggie
  7575 | D:7      | Reached skill level 4 in Ice Magic
  7595 | D:7      | Found a staircase to the Ecumenical Temple.
  7762 | Temple   | Entered the Ecumenical Temple
  8026 | D:4      | Became a worshipper of Cheibriados the Contemplative
  8341 | D:8      | Found a staircase to the Lair.
  8465 | D:8      | Reached skill level 1 in Invocations
  8466 | D:8      | Noticed a troll
  8480 | D:8      | Killed a troll
  8833 | D:8      | Reached * piety under Cheibriados
  8834 | D:8      | Reached skill level 5 in Ice Magic
  8834 | D:8      | Reached skill level 2 in Invocations
  9017 | D:8      | Reached skill level 6 in Unarmed Combat
  9022 | D:8      | Reached skill level 8 in Transmutations
  9027 | D:8      | Reached skill level 3 in Invocations
  9543 | D:8      | You pick up a book of Dangerous Friends and begin
                  | reading...
  9543 | D:8      | You add the spells Summon Guardian Golem, Orb of
                  | Destruction and Spellforged Servitor to your library.
  9620 | D:9      | Reached skill level 6 in Spellcasting
  9637 | D:8      | Gained mutation: You have very sharp fingernails. [demonic
                  | ancestry]
  9637 | D:8      | Reached XP level 10. HP: 30/65 MP: 16/19
  9649 | D:8      | Reached skill level 6 in Ice Magic
 10068 | D:9      | Reached skill level 4 in Invocations
 10167 | D:9      | Noticed a cyan ugly thing
 10168 | D:9      | Reached ** piety under Cheibriados
 10173 | D:9      | HP: 10/78 [cyan ugly thing (15)]
 10176 | D:9      | HP: 4/78 [cyan ugly thing (7)]
 10176 | D:9      | Mangled by a cyan ugly thing

Vanquished Creatures
  Pikel (D:7)
  Maggie (D:7)
  A troll (D:8)
  A wyvern (D:9)
  9 yaks
  Duvessa (D:6)
  A water moccasin (D:7)
  A sky beast (D:8)
  An ice beast (D:5)
  An orc warrior (D:8)
  An ogre (D:7)
  A phantom (D:5)
  3 lemures (D:7)
  2 kobold brigands
  2 necrophages
  A bullfrog (D:8)
  2 gnoll sergeants (D:8)
  2 scorpions
  3 wights (D:9)
  Dowan (D:6)
  A howler monkey (D:9)
  6 electric eels
  2 hounds (D:5)
  2 jellies
  2 orc priests
  Ijyb (D:5)
  8 orc wizards
  An iguana (D:7)
  Robin (D:1)
  4 gnolls (D:7)
  4 adders
  2 ufetubi (D:5)
  A worm (D:2)
  5 dart slugs
  20 orcs
  6 endoplasms
  5 giant cockroaches
  16 goblins
  10 hobgoblins
  5 jackals
  14 kobolds
  6 quokkas
  7 ball pythons
  6 bats
  2 frilled lizards
  4 rats
177 creatures vanquished.

Vanquished Creatures (collateral kills)
  An orc priest (D:5)
  A gnoll bouda (D:7)
  An adder (D:3)
  2 orcs
5 creatures vanquished.

Grand Total: 182 creatures vanquished

Table legend:
 A = Non-vault XP
 B = Vault XP
 C = Vault XP percentage of total XP
 D = Non-vault monster count
 E = Vault monster count
 F = Vault count percentage of total count
                 A         B        C        D         E       F
            +---------+---------+-------+---------+---------+-------
      Total |    5245 |    1669 |  24.1 |     152 |      27 |  15.1
            +---------+---------+-------+---------+---------+-------
        D:1 |      19 |      25 |  56.8 |      11 |       6 |  35.3
        D:2 |      30 |       9 |  23.1 |      14 |       5 |  26.3
        D:3 |      58 |      13 |  18.3 |      17 |       8 |  32.0
        D:4 |     314 |       0 |   0.0 |      29 |       0 |   0.0
        D:5 |     589 |      36 |   5.8 |      19 |       1 |   5.0
        D:6 |     213 |     221 |  50.9 |       8 |       2 |  20.0
        D:7 |     687 |    1066 |  60.8 |      19 |       2 |   9.5
        D:8 |    2337 |     299 |  11.3 |      24 |       3 |  11.1
        D:9 |     998 |       0 |   0.0 |      11 |       0 |   0.0
            +---------+---------+-------+---------+---------+-------

Illustrated notes

Table legend:
 A = Kills in this place as a percentage of kills in entire the game.
 B = Kills by you in this place as a percentage of kills by you in the entire game.
 C = Kills by friends in this place as a percentage of kills by friends in the entire game.
 D = Other kills in this place as a percentage of other kills in the entire game.
 E = Experience gained in this place as a percentage of experience gained in the entire game.
 F = Experience gained in this place divided by the number of levels of this place that you have seen.
                   A       B       C       D       E      F
               +-------+-------+-------+-------+-------+----------------------
         Total | 100.0 | 100.0 | 100.0 |   N/A | 100.0 | 691.4
       Dungeon | 100.0 | 100.0 | 100.0 |   N/A | 100.0 | 768.2
               +-------+-------+-------+-------+-------+----------------------

Table legend: (Time is in decaauts)
 A = Elapsed time spent in this place.
 B = Non-inter-level travel time spent in this place.
 C = Inter-level travel time spent in this place.
 D = Time resting spent in this place.
 E = Time spent auto-exploring this place.
 F = Levels seen in this place.
 G = Mean time per level.
                   A        B        C        D        E       F      G
               +--------+--------+--------+--------+--------+-----+--------+
         Total |  10469 |   9855 |    614 |    443 |   7990 |  10 | 1046.9 |
       Dungeon |  10349 |   9742 |    607 |    443 |   7890 |   9 | 1149.9 |
        Temple |    119 |    113 |      6 |      0 |    100 |   1 |  119.0 |
               +--------+--------+--------+--------+--------+-----+--------+

Top non-repeatable levels by time:
     D:8: 1985 daAuts
     D:4: 1605 daAuts
     D:3: 1415 daAuts
     D:5: 1155 daAuts
     D:7: 1063 daAuts
     D:6: 985 daAuts
     D:1: 963 daAuts
     D:2: 834 daAuts
     D:9: 341 daAuts
  Temple: 119 daAuts
